 Dungeon Crawl Stone Soup version 0.30-a0-777-ga9a30cbeda (webtiles) character file.

Game seed: 13901092933118727177

1064 Ceno the Slasher (level 8, -2/43 (46) HPs)
             Began as a Tengu Reaver on Feb 15, 2023.
             Was an Initiate of Yredelemnul.
             Slain by a wight
             ... wielding a +0 hand axe
              (5 damage)
             ... on level 5 of the Dungeon.
             The game lasted 00:26:22 (5253 turns).

Ceno the Slasher (Tengu Reaver)                     Turns: 5253, Time: 00:26:22

HP:   -2/43 (46)    AC:  7    Str: 12    XL:     8   Next: 27%
MP:   12/12         EV: 14    Int: 14    God:    Yredelemnul [......]
Gold: 275           SH:  0    Dex: 15    Spells: 8/11 levels left

rFire   . . .      SeeInvis .    l - +0 long sword
rCold   + . .      Faith    .    (no shield)
rNeg    . . .      Spirit   .    h - +2 leather armour {rC+}
rPois   .          Reflect  .    (helmet restricted)
rElec   .          Harm     .    q - +1 cloak {rCorr}
rCorr   +          Rampage  .    (no gloves)
Will    .....                    (boots unavailable)
Stlth   ++                       c - amulet of magic regeneration
HPRegen 0.27/turn                (no ring)
MPRegen 0.53/turn                (no ring)

@: flying quickly and evasively, drained, quick
A: beak, talons 3, nimble flight
a: Renounce Religion, Recall Undead Harvest


You were on level 5 of the Dungeon.
You worshipped Yredelemnul.
Yredelemnul was noncommittal.
You visited 2 branches of the dungeon, and saw 6 of its levels.
You also visited: Ossuary.

You collected 275 gold pieces.

Inventory:

Hand Weapons
 l - a +0 long sword (weapon)
Missiles
 d - 11 stones (quivered)
 j - 7 javelins
 m - 20 poisoned darts
Armour
 h - a +2 leather armour of cold resistance (worn)
 q - a +1 cloak of preservation (worn)
 u - a +3 ring mail of poison resistance
Jewellery
 c - an amulet of magic regeneration (around neck)
Wands
 v - a wand of light (7)
 D - a wand of flame (16)
 E - a wand of iceblast (14)
Scrolls
 a - 2 scrolls of fog
 b - a scroll of enchant armour {unknown}
 i - 2 scrolls of teleportation
 k - a scroll of fear
 p - a scroll of noise {unknown}
 s - a scroll of blinking {unknown}
 t - a scroll of vulnerability {unknown}
 y - a scroll of brand weapon {unknown}
 z - a scroll of summoning {unknown}
 B - a scroll of magic mapping
 C - a scroll of amnesia {unknown}
Potions
 e - a potion of mutation
 g - 2 potions of degeneration
 n - 3 potions of curing
 o - 2 potions of heal wounds
 r - a potion of ambrosia
 w - a potion of might {unknown}
 x - a potion of haste
 A - 2 potions of berserk rage


   Skills:
 + Level 3.4 Fighting
 + Level 7.1 Long Blades
 - Level 2.1 Dodging
 - Level 3.0 Stealth
 - Level 2.0 Spellcasting
 + Level 6.2 Conjurations
 - Level 3.0 Translocations
 + Level 2.3 Invocations


You had 8 spell levels left.
You knew the following spells:

 Your Spells              Type           Power      Damage    Failure   Level
a - Kiss of Death         Conj/Necr      40%        2d8       9%          1
b - Momentum Strike       Conj/Tloc      28%        3d8       7%          2

Your spell library contained the following spells:

 Spells                   Type           Power      Damage    Failure   Level
 Hailstorm                Conj/Ice       10%        3d5       26%         3


Dungeon Overview and Level Annotations

Branches:
Dungeon (5/15)             Temple (1/1) D:4         Ossuary (visited)

Altars:
Ashenzari
Cheibriados
Dithmenos
Fedhas
Gozag
Hepliaklqana
Kikubaaqudgha
Makhleb
Nemelex Xobeh
Okawaru
Qazlal
Ru
Sif Muna
Trog
Uskayaw
Vehumet
Wu Jian
Xom
Yredelemnul

Shops:
D:1 :*

Annotations:
D:4 Eustachio


Innate Abilities, Weirdness & Mutations

You have a beak for a mouth.
You have claws for feet.
Your magical nature lets you fly swiftly and evasively.


Message History

The wight hits you with a +3 halberd.
You feel drained.
You completely miss the wight.
The wight is moderately damaged.
The wight completely misses you.
A wight comes into view. It is wielding a +0 hand axe.
You completely miss the wight. Your kick misses the wight.
The wight is moderately damaged.
The wight closely misses you.
You slash the wight! Your peck misses the wight.
The wight is severely damaged.
The wight hits you with a +3 halberd!
* * * LOW HITPOINT WARNING * * *
You closely miss the wight. Your kick misses the wight.
The wight is severely damaged.
You hear the slow rusting of a very distant drain.
The wight closely misses you. x2
You closely miss the wight. You claw the wight, but do no damage.
You peck the wight.
The wight is severely damaged.
The wight misses you. The wight hits you with a +0 hand axe.
* * * LOW HITPOINT WARNING * * *
You hit the wight but do no damage.
The wight is severely damaged.
The wight closely misses you. The wight hits you with a +0 hand axe.
* * * LOW HITPOINT WARNING * * *
You barely miss the wight. You claw the wight.
You destroy the wight!
The wight misses you.
You barely miss the wight. You claw the wight! You peck the wight.
The wight is heavily damaged.
The wight closely misses you.
You hit the wight but do no damage. You claw the wight, but do no damage.
You peck the wight, but do no damage.
The wight is heavily damaged.
The wight closely misses you.
You closely miss the wight. Your kick misses the wight. You peck the wight.
The wight is severely damaged.
The wight hits you with a +0 hand axe.
You die...
Your body rises from the dead as a mindless zombie.

*,,........##..#*,* *
*,,........##..#*,# *
*,,........##..##.# **
*,,...............###****,
**,.......##.........,**,,
**......##....#####*,,,,*
*########..#.#***,,,,,**
#)z..#.#*,,,***,,,
##@##.#.#*,*** ***,
##..##.#.#*,* *,
##..###.#.#,,* **** #..##
#.#..,** **,,, ########.##
#.#.#** *,,** #........#
***.#,* *,**
#..<..####**,,,,,* *,*
#.....# *,,,*,*,** **,*
#.....#***,,,,,*,>* *,,***


You could see a wight.

Vanquished Creatures
  Grinder (D:4)
  The ghost of Nabski the Conjurer, an amateur TeFE (D:4)
  A black bear (D:4)
  A phantom (D:3)
  A kobold brigand (D:4)
  A wight (D:5)
  A jelly (D:4)
  Crazy Yiuf (D:4)
  A gnoll bouda (D:2)
  3 hounds
  Ijyb (D:4)
  Terence (D:3)
  An orc wizard (D:4)
  A mummy (Ossuary)
  3 gnolls (D:3)
  3 adders
  A white imp (D:3)
  5 worms
  5 dart slugs
  7 orcs
  A spectral bat (Ossuary)
  7 ball pythons
  2 bats
  4 endoplasms
  3 giant cockroaches
  12 gnoll zombies (Ossuary)
  10 goblins
  8 hobgoblins
  3 jackals (D:3)
  12 kobolds
  7 quokkas
  A bat simulacrum (Ossuary)
  5 frilled lizards
  4 goblin simulacra (Ossuary)
  3 goblin zombies (Ossuary)
  5 hobgoblin zombies (Ossuary)
  A kobold simulacrum (Ossuary)
  7 kobold zombies (Ossuary)
  3 orc zombies (Ossuary)
  A rat (D:3)
  A rat simulacrum (Ossuary)
  2 spectral goblins (Ossuary)
  2 spectral kobolds (Ossuary)
  4 spectral rats (Ossuary)
148 creatures vanquished.

Vanquished Creatures (collateral kills)
  4 kobolds (D:4)
4 creatures vanquished.

Vanquished Creatures (others)
  A hound zombie (D:4)
  A jelly zombie (D:4)
  A gnoll zombie (D:4)
  A giant cockroach zombie (D:4)
  6 kobold zombies (D:4)
10 creatures vanquished.

Grand Total: 162 creatures vanquished

Notes
Turn   | Place    | Note
-------+----------+-------------------------------------------
     0 | D:1      | Ceno the Tengu Reaver began the quest for the Orb.
     0 | D:1      | Reached XP level 1. HP: 12/12 MP: 4/4
   189 | D:1      | Found Pyxagam's Assorted Antiques.
   195 | D:1      | Reached skill level 1 in Stealth
   209 | D:1      | Reached XP level 2. HP: 17/17 MP: 6/6
   291 | D:1      | Found a faded altar of an unknown god.
   404 | D:1      | Found Uleduer's Vocational Training.
   837 | D:2      | Reached XP level 3. HP: 21/21 MP: 7/7
  1658 | D:3      | Reached XP level 4. HP: 13/26 MP: 8/8
  1758 | D:3      | Reached skill level 4 in Long Blades
  1758 | D:3      | Reached skill level 5 in Conjurations
  1799 | D:3      | Identified the +11 sling of the Heavens {drain, rPois}
  1836 | D:3      | Noticed a phantom
  1881 | D:2      | Gained mutation: Your magical nature lets you fly swiftly
                  | and evasively. [Tengu growth]
  1881 | D:2      | Reached XP level 5. HP: 16/30 MP: 9/9
  1956 | D:3      | Found a shadowy altar of Dithmenos.
  1978 | D:3      | Reached skill level 1 in Translocations
  2399 | D:3      | Identified the +5 war axe "Koihofina" {heavy, rPois rC-
                  | rN+++ Stlth+}
  2521 | D:3      | Noticed Terence
  2537 | D:3      | Killed Terence
  2538 | D:3      | Reached skill level 5 in Long Blades
  2538 | D:3      | Reached XP level 6. HP: 21/31 MP: 10/10
  2759 | D:4      | Learned a level 2 spell: Momentum Strike
  2774 | D:4      | Found a runed translucent gate.
  2774 | D:4      | Found a runed translucent gate.
  2774 | D:4      | Found a runed translucent gate.
  2774 | D:4      | Noticed Nabski's ghost (amateur TeFE)
  2877 | D:4      | Noticed Ijyb
  2897 | D:4      | Killed Ijyb
  2918 | D:4      | Noticed Grinder
  3034 | D:4      | Found a sand-covered staircase.
  3037 | Ossuary  | Entered an ossuary
  3397 | D:4      | Killed Grinder
  3398 | D:4      | Reached skill level 6 in Long Blades
  3398 | D:4      | Reached XP level 7. HP: 29/40 MP: 11/11
  3463 | D:4      | Found a staircase to the Ecumenical Temple.
  3478 | Temple   | Entered the Ecumenical Temple
  3516 | Temple   | Became a worshipper of Yredelemnul the Dark
  3733 | D:4      | Noticed Eustachio
  3748 | D:4      | Found a sparkling altar of Nemelex Xobeh.
  3748 | D:4      | Found an iron altar of Okawaru.
  3750 | D:4      | Found a stormy altar of Qazlal.
  3750 | D:4      | Found a broken altar of Ashenzari.
  3750 | D:4      | Found a shimmering altar of Xom.
  3750 | D:4      | Found a snail-covered altar of Cheibriados.
  3758 | D:4      | Found an ancient bone altar of Kikubaaqudgha.
  3758 | D:4      | Found a bloodstained altar of Trog.
  3758 | D:4      | Found a hide-covered altar of Uskayaw.
  3999 | D:4      | Reached * piety under Yredelemnul
  4077 | D:4      | Found a runed translucent door.
  4078 | D:4      | Noticed Crazy Yiuf
  4084 | D:4      | Killed Crazy Yiuf
  4085 | D:4      | Reached skill level 1 in Invocations
  4681 | D:4      | Killed Nabski's ghost
  4693 | D:4      | Reached skill level 7 in Long Blades
  4693 | D:4      | Reached XP level 8. HP: 29/42 MP: 12/12
  4927 | D:4      | Your ally Crazy Yiuf died
  5195 | D:5      | Entered Level 5 of the Dungeon
  5249 | D:5      | HP: 2/41 [wight/+0 hand axe (4)]
  5253 | D:5      | Slain by a wight

Illustrated notes

Levels and vault maps discovered:
D:1:      psy_arrival_basics, layout_rooms,
          shapermc_ecumenical_altar_totnotflames, serial_shops, shop,
          nicolae_shop_vocational
D:2:      layout_loops_corners, nicolae_titane
D:3:      wad_crossroads, layout_rooms, mainiacjoe_overflow_alcove_4,
          minmay_joined_circles, uniq_terence
D:4:      layout_loops_ring, nicolae_overflows_in_rows,
          minmay_temple_entry_water_ring, lightli_ossuary_entry_decrepit_ruins,
          serial_co_window_serial, co_window_corner_a, co_window_paths_a,
          co_window_of_opportunity_a, co_window_of_opportunity_a,
          co_window_paths_a, co_window_corner_a, co_window_paths_a,
          co_window_paths_b, co_window_cross_1, co_window_broadway_b,
          co_window_paths_c, co_window_corner_cb, co_window_broadway_b,
          co_window_corner_ca, glass_columns_b, glass_columns_c,
          glass_columns_b, glass_columns_b, gammafunk_ghost_nasty_kobolds,
          uniq_ijyb, uniq_grinder, uniq_eustachio, uniq_crazy_yiuf_cottage
D:5:      layout_rooms, gammafunk_ghost_hive, portal_sewer_entry_e
Temple:   chequers_temple_sunken

Skill      XL: |  1  2  3  4  5  6  7  8 |
---------------+-------------------------+-----
Stealth        | 1 2 3 |  3.0
Long Blades    | 4 5 6 7 |  7.1
Conjurations   | 5 6 |  6.2
Translocations | 1 3 |  3.0
Invocations    | 1 2 |  2.3
Fighting       | 3 |  3.4
Dodging        | |  2.1
Spellcasting   | |  2.0

Action                     |  1- 3 |  4- 6 |  7- 9 || total
---------------------------+-------+-------+-------++-------
  Melee: Falchion          |    35 |       |       ||    35
         Kick              |    18 |    60 |    28 ||   106
         Peck              |    12 |    32 |    12 ||    56
         Long sword        |    59 |   192 |    81 ||   332
         Punch             |     2 |     1 |       ||     3
  Throw: Stone             |     7 |     8 |     4 ||    19
   Cast: Kiss of Death     |     1 |     2 |       ||     3
         Momentum Strike   |       |     7 |     7 ||    14
    Use: Scroll            |       |     6 |     5 ||    11
         Potion            |       |     1 |       ||     1
   Stab: Sleeping          |     4 |    10 |     4 ||    18
 Armour: Leather armour    |    20 |    41 |    16 ||    77
  Dodge: Dodged            |    52 |    99 |    49 ||   200

Table legend: (Time is in decaauts)
 A = Elapsed time spent in this place.
 B = Non-inter-level travel time spent in this place.
 C = Inter-level travel time spent in this place.
 D = Time resting spent in this place.
 E = Time spent auto-exploring this place.
 F = Levels seen in this place.
 G = Mean time per level.
                   A        B        C        D        E       F      G
               +--------+--------+--------+--------+--------+-----+--------+
         Total |   5059 |   4822 |    237 |    545 |   2364 |   7 |  722.7 |
       Dungeon |   4680 |   4443 |    237 |    532 |   2364 |   5 |  936.0 |
        Temple |     44 |     44 |      0 |      0 |      0 |   1 |   44.0 |
       Ossuary |    334 |    334 |      0 |     13 |      0 |   1 |  334.0 |
               +--------+--------+--------+--------+--------+-----+--------+

Top non-repeatable levels by time:
     D:4: 1755 daAuts
     D:3: 1262 daAuts
     D:2: 1033 daAuts
     D:1: 573 daAuts
 Ossuary: 334 daAuts
     D:5: 56 daAuts
  Temple: 44 daAuts
